 Dungeon Crawl Stone Soup version 0.23.0 (webtiles) character file.

Game seed: 9524063138622082141

10633 inmateoo the Cleaver (level 11, 0/99 HPs)
             Began as a Minotaur Berserker on Feb 12, 2019.
             Was a High Priest of Trog.
             Slain by Snorg (23 damage)
             ... on level 10 of the Dungeon.
             The game lasted 00:10:29 (6836 turns).

inmateoo the Cleaver (Minotaur Berserker)           Turns: 6836, Time: 00:10:29

Health: 0/99       AC: 17    Str: 24    XL:     11   Next: 38%
Magic:  6/6        EV: 11    Int:  4    God:    Trog [*****.]
Gold:   496        SH:  0    Dex: 11    Spells: 10/10 levels left

rFire    . . .     SeeInvis .   w - +3 battleaxe (antimagic)
rCold    + . .     Gourm    .   (shield currently unavailable)
rNeg     . . .     Faith    .   j - +1 plate armour of Impressiveness {MP+9 Slay+3}
rPois    +         Spirit   .   (helmet restricted)
rElec    .         Reflect  .   x - +1 cloak {rPois}
rCorr    .         Harm     .   (no gloves)
MR       +++..                  (no boots)
Stlth    ..........             N - amulet of the acrobat
HPRegen  1.26/turn              l - ring of protection from cold
MPRegen  0.10/turn              I - ring of protection from magic

@: lethally poisoned (0 -> 0), regenerating
A: retaliatory headbutt, horns 2
a: Berserk, Trog's Hand, Brothers in Arms, Renounce Religion


You were on level 10 of the Dungeon.
You worshipped Trog.
Trog was extremely pleased with you.
You were hungry.

You visited 1 branch of the dungeon, and saw 10 of its levels.
You also visited: Ossuary.

You collected 526 gold pieces.
You spent 30 gold pieces at shops.

Inventory:

Hand Weapons
 w - a +3 antimagic battleaxe (weapon)
 y - a +6 flail of crushing
 F - a +0 war axe
Armour
 a - a +0 shield
 j - the +1 plate armour of Impressiveness (worn) {MP+9 Slay+3}
   (You found it on level 4 of the Dungeon)

   It affects your accuracy and damage with ranged weapons and melee attacks
   (+3).
   It affects your magic capacity (+9).
 x - a +1 cloak of poison resistance (worn)
Jewellery
 l - a ring of protection from cold (left hand)
 o - an uncursed ring of flight
 r - an uncursed ring of positive energy
 t - an uncursed ring of see invisible
 I - a ring of protection from magic (right hand)
 N - an amulet of the acrobat (around neck)
Wands
 m - a wand of paralysis (18)
 B - a wand of enslavement (11)
 D - a wand of flame (34)
 M - a wand of polymorph (6)
Scrolls
 b - 3 scrolls of remove curse
 h - a scroll of identify
 q - 4 scrolls of teleportation
 E - 2 scrolls of enchant weapon
 L - a scroll of magic mapping
Potions
 d - a potion of ambrosia
 e - a potion of degeneration {unknown}
 f - 7 potions of curing
 g - 2 potions of mutation {unknown}
 i - 5 potions of might {unknown}
 k - 2 potions of haste
 n - 2 potions of brilliance
 s - a potion of magic
 v - 5 potions of agility {unknown}
 z - a potion of lignification
 A - a potion of heal wounds
 O - a potion of experience {unknown}
Comestibles
 c - 22 rations


   Skills:
 - Level 10.0 Fighting
 * Level 13.2 Axes
 + Level 9.5 Armour
 + Level 8.8 Dodging
 + Level 5.9 Shields


You had 10 spell levels left.
You didn't know any spells.
Your spell library was empty.

Dungeon Overview and Level Annotations

Branches:
Dungeon (10/15)            Temple (0/1) D:4            Lair (0/6) D:10
    Orc: D:9-12

Altars:
Elyvilon
Gozag

Shops:
D:4 [?=   D:10 *

Annotations:
D:10 Snorg


Innate Abilities, Weirdness & Mutations

You reflexively headbutt those who attack you in melee.
You have a pair of horns on your head.


Message History

The water moccasin is lightly wounded.
The water moccasin barely misses you. The water moccasin bites you.
You are poisoned.
The water moccasin poisons you! Snorg bites you but does no damage.
Snorg completely misses you. Snorg claws you but does no damage.
Unknown command.
Your plate armour of Impressiveness prevents you from hitting the water moccasin.
The water moccasin is lightly wounded.
You slash Snorg!
You feel sick. Snorg bites you! Snorg claws you! Snorg completely misses you.
The water moccasin bites you but does no damage.
Unknown command.
You slice Snorg!! You headbutt Snorg!
Snorg is moderately wounded.
You slash the water moccasin!
You feel sick. Snorg bites you but does no damage. Snorg claws you!
* * * LOW HITPOINT WARNING * * *
Snorg claws you but does no damage. The water moccasin closely misses you.
You furiously retaliate!
You headbutt the water moccasin. Snorg bites you!!
You die...

.. #. ..#. # #.#.
#.#.#. ##.#...
.......########
#..TS......+ #...@# #
#....# .. #....#
....+....# ....#..#.#
.........#
#...........).##
#..........#...# #...
###..........#..###....


You could see Snorg (berserk) and a water moccasin.

Vanquished Creatures
  2 two-headed ogres
  An unseen horror (D:8)
  Maurice (D:8)
  Psyche (D:9)
  A kobold demonologist (D:9)
  Grinder (D:5)
  A hornet (D:9)
  A meliai zombie (D:8)
  A hippogriff (D:8)
  Sigmund (D:2)
  8 yaks
  The ghost of kaze the Chopper, an amateur HOFi of Okawaru (D:3)
  2 wargs (D:10)
  Edmund (D:4)
  3 sky beasts
  5 orc warriors
  4 phantoms
  A black bear (D:9)
  2 ice beasts
  8 ogres
  5 centaurs
  A crocodile (D:8)
  The ghost of bgiannan the Magician, an amateur DEFE of Vehumet (D:4)
  7 big kobolds (D:9)
  An elf zombie (Ossuary)
  2 bullfrogs
  2 gnoll sergeants (D:7)
  A wyvern skeleton (D:10)
  2 scorpions
  3 howler monkeys
  4 crimson imps
  3 centaur zombies (Ossuary)
  4 quasits
  An orc priest (D:9)
  9 hounds
  2 centaur skeletons
  2 human zombies (Ossuary)
  5 jellies
  4 iguanas
  3 orc wizards
  7 worker ants
  A hound zombie (D:5)
  2 hound skeletons
  2 mummies (Ossuary)
  3 worker ant zombies
  Robin (D:2)
  17 adders
  7 gnolls (D:7)
  A white imp (D:7)
  10 oozes (D:2)
  An adder zombie (Ossuary)
  An adder skeleton (D:8)
  A worm (D:3)
  2 dart slugs
  4 leopard geckos
  24 orcs
  9 bats
  2 giant cockroaches (D:2)
  22 goblins
  7 hobgoblins
  9 jackals
  22 kobolds
  6 quokkas
  5 frilled lizards
  A goblin zombie (Ossuary)
  10 hobgoblin zombies (Ossuary)
  2 jackal zombies
  7 kobold zombies (Ossuary)
  2 leopard gecko skeletons
  10 orc zombies (Ossuary)
  2 quokka skeletons (D:3)
  A quokka zombie (D:5)
  13 rats
  A rat zombie (Ossuary)
  A fungus (D:2)
324 creatures vanquished.

Vanquished Creatures (others)
  A fungus (D:2)
  7 toadstools (D:2)
8 creatures vanquished.

Grand Total: 332 creatures vanquished

Notes
Turn   | Place    | Note
-------+----------+-------------------------------------------
     0 | D:1      | inmateoo the Minotaur Berserker began the quest for the
                  | Orb.
     0 | D:1      | Reached XP level 1. HP: 19/19 MP: 0/0
   312 | D:1      | Reached XP level 2. HP: 27/27 MP: 1/1
   435 | D:1      | Reached skill level 4 in Axes
   698 | D:2      | Reached XP level 3. HP: 26/33 MP: 2/2
   713 | D:2      | Noticed Robin
   720 | D:2      | Reached ** piety under Trog
   725 | D:2      | Killed Robin
   816 | D:2      | Reached XP level 4. HP: 25/40 MP: 3/3
   827 | D:2      | Noticed Sigmund
   838 | D:2      | Killed Sigmund
   838 | D:2      | Reached skill level 5 in Axes
   838 | D:2      | Reached XP level 5. HP: 47/47 MP: 4/4
  1016 | D:2      | Reached XP level 6. HP: 49/55 MP: 5/5
  1023 | D:2      | Reached *** piety under Trog
  1023 | D:2      | Reached skill level 5 in Fighting
  1023 | D:2      | Reached skill level 6 in Axes
  1522 | D:3      | Found an opulent altar of Gozag.
  1582 | D:3      | Reached **** piety under Trog
  1587 | D:3      | Reached XP level 7. HP: 43/61 MP: 6/6
  1797 | D:3      | Found a transporter.
  1802 | D:3      | Noticed kaze's ghost (amateur HOFi)
  1813 | D:3      | Found a transporter.
  1856 | D:3      | Reached skill level 7 in Axes
  1861 | D:3      | Killed kaze's ghost
  1861 | D:3      | Reached skill level 5 in Armour
  1911 | D:4      | Found a runed translucent door.
  1923 | D:4      | Noticed bgiannan's ghost (amateur DEFE)
  1955 | D:4      | Killed bgiannan's ghost
  2009 | D:4      | Got a polished plate armour
  2020 | D:4      | Identified the cursed +1 plate armour of Impressiveness
                  | {MP+9 Slay+3} (You found it on level 4 of the Dungeon)
  2091 | D:4      | Reached skill level 5 in Dodging
  2105 | D:4      | Found a sand-covered staircase.
  2110 | Ossuary  | Entered an ossuary
  2205 | Ossuary  | Reached XP level 8. HP: 70/70 MP: 7/7
  2216 | Ossuary  | Reached skill level 8 in Axes
  2241 | Ossuary  | Received a gift from Trog
  2365 | D:4      | Reached ***** piety under Trog
  2450 | D:4      | Found Peicoam's Jewellery Shop.
  2462 | D:4      | Found Huqus's Magic Scroll Shoppe.
  2587 | D:4      | Reached skill level 9 in Axes
  2618 | D:4      | Noticed Edmund
  2629 | D:4      | Killed Edmund
  2769 | D:4      | Found a staircase to the Ecumenical Temple.
  2809 | D:4      | Found Nebefouz's Antique Armour Shoppe.
  2892 | D:5      | Entered Level 5 of the Dungeon
  2953 | D:5      | Reached XP level 9. HP: 79/79 MP: 8/8
  2981 | D:5      | Found a white marble altar of Elyvilon.
  3139 | D:5      | Noticed Grinder
  3153 | D:5      | Paralysed by Grinder for 2 turns
  3157 | D:5      | Killed Grinder
  3322 | D:6      | Reached skill level 10 in Axes
  4568 | D:7      | Reached skill level 1 in Shields
  4998 | D:8      | Reached skill level 11 in Axes
  5049 | D:8      | Noticed a two-headed ogre
  5065 | D:8      | Killed a two-headed ogre
  5065 | D:8      | Reached XP level 10. HP: 50/90 MP: 9/9
  5113 | D:8      | Noticed Maurice
  5530 | D:8      | Received a gift from Trog
  5763 | D:8      | Killed an unseen horror
  5950 | D:9      | Reached skill level 12 in Axes
  6039 | D:8      | Killed Maurice
  6191 | D:9      | Reached skill level 5 in Shields
  6213 | D:9      | Reached XP level 11. HP: 48/97 MP: 6/10
  6319 | D:9      | Noticed Psyche
  6330 | D:9      | Killed Psyche
  6473 | D:9      | Found a white marble altar of Elyvilon.
  6747 | D:10     | Entered Level 10 of the Dungeon
  6755 | D:10     | Found Iuimp's Incredible Inventory.
  6764 | D:10     | Bought a scroll of identify for 30 gold pieces
  6770 | D:10     | Found a staircase to the Lair.
  6772 | D:10     | Received a gift from Trog
  6779 | D:10     | Reached skill level 13 in Axes
  6814 | D:10     | Noticed a two-headed ogre
  6822 | D:10     | Killed a two-headed ogre
  6822 | D:10     | Reached skill level 10 in Fighting
  6829 | D:10     | Noticed Snorg
  6836 | D:10     | Slain by Snorg

Skill      XL: |  1  2  3  4  5  6  7  8  9 10 11 |
---------------+----------------------------------+-----
Axes           | 4 5 6 7 9 11 12 13 | 13.2
Fighting       | 4 5 6 7 8 9 10 | 10.0
Armour         | 3 4 5 6 8 9 |  9.5
Dodging        | 3 4 5 6 7 8 |  8.8
Shields        | 2 5 |  5.9

Action                   |  1- 3 |  4- 6 |  7- 9 | 10-12 || total
-------------------------+-------+-------+-------+-------++-------
Melee: Hand axe          |    61 |   124 |   255 |       ||   440
       Headbutt          |     6 |    22 |    95 |    36 ||   159
       War axe           |       |       |   109 |    57 ||   166
       Battleaxe         |       |       |       |   145 ||   145
       Unarmed           |       |       |       |    16 ||    16
Invok: Berserk           |     1 |     2 |     1 |       ||     4
       Trog's Hand       |       |       |       |     1 ||     1
  Use: Scroll            |     1 |       |    11 |     8 ||    20
  Eat: Chunk             |     1 |     4 |     9 |     3 ||    17
       Ration            |       |       |     1 |     1 ||     2
Armor: Chain mail        |    45 |    74 |    27 |       ||   146
       Plate armour      |       |       |   160 |   117 ||   277
       Skin              |       |       |       |    19 ||    19
Dodge: Dodged            |    40 |    85 |   127 |   123 ||   375
Block: Shield            |       |       |    39 |    25 ||    64
